 Dungeon Crawl Stone Soup version 0.31.0-11-ge490571c62 (webtiles) character file.

Game seed: 9507068605670021306

114 cdecastro the Firebug (level 4, -1/24 HPs)
             Began as a Deep Elf Fire Elementalist on Jan 29, 2024.
             Slain by an iguana (11 damage)
             ... on level 3 of the Dungeon.
             The game lasted 00:03:16 (3352 turns).

cdecastro the Firebug (Deep Elf Fire Elementalist)  Turns: 3352, Time: 00:03:16

Health: -1/24      AC:  2    Str:  5    XL:     4   Next: 66%
Magic:  7/10       EV: 12    Int: 22    God:
Gold:   178        SH:  0    Dex: 15    Spells: 0/9 levels left

rFire   + . .        d - +0 dagger
rCold   . . .        (no shield)
rNeg    . . .        a - +0 robe
rPois   .            (no helmet)
rElec   .            (no cloak)
rCorr   .            (no gloves)
SInv    .            (no boots)
Will    .....        (no amulet)
Stlth   ++           j - ring of protection from fire
HPRegen 0.24/turn    (no ring)
MPRegen 0.12/turn

%: no passive effects
@: no status effects
A: no striking features
a: no special abilities


You were on level 3 of the Dungeon.
You visited 1 branch of the dungeon, and saw 4 of its levels.

You collected 178 gold pieces.

Inventory:

Hand Weapons
 d - a +0 dagger (weapon)
Armour
 a - a +0 robe (worn)
Jewellery
 j - a ring of protection from fire (left hand)
Wands
 n - a wand of charming (4)
Scrolls
 c - 5 scrolls of identify {unknown}
 f - 2 scrolls of teleportation {unknown}
 h - a scroll of vulnerability {unknown}
 l - a scroll of noise {unknown}
 o - a scroll of poison {unknown}
Potions
 b - a potion of magic
 e - a potion of mutation {unknown}
 g - a potion of brilliance {unknown}
 i - a potion of enlightenment {unknown}
 k - 2 potions of curing {unknown}
 m - a potion of degeneration {unknown}


   Skills:
 - Level 2.4 Dodging
 - Level 2.4 Stealth
 - Level 3.0 Spellcasting
 - Level 1.1 Conjurations
 + Level 6.0 Fire Magic


You couldn't memorise any spells.
You knew the following spells:

 Your Spells              Type           Power      Damage    Failure   Level
a - Foxfire               Conj/Fire      76%        2x1d7     2%          1
b - Scorch                Fire           60%        2d7       1%          2
c - Inner Flame           Hex/Fire       16%        N/A       11%         3
d - Volatile Blastmotes   Fire/Tloc      32%        2d12      11%         3

Your spell library contained the following spells:

 Spells                   Type           Power      Damage    Failure   Level
 Flame Wave               Conj/Fire      19%        2d7       28%         4


Dungeon Overview and Level Annotations

Branches:
Dungeon (4/15)
 Temple: D:4-7

Altars:

Annotations:
D:4 Robin


Message History

There is an open door here.
There is an open door here.
Found a robe.
Done exploring.
Done exploring.
Done exploring.
Done exploring.
There is an open door here.
You open the door.
There is an open door here.
There is a stone staircase leading down here.
Search for what [Enter for "."]? .
You climb downwards.
The goblin shouts! x4; The hobgoblin shouts!
The goblin shouts!
The orc wizard shouts!
The iguana hisses angrily.
The endoplasm quivers.
The goblin shouts!
The orc shouts!
You hear a shout!
Found a black potion.
There is a stone staircase leading up here.
The iguana closely misses you.
You climb upwards.
There is a stone staircase leading down here.
Unknown command.
Unknown command.
Casting: Foxfire (safe; 2% risk of failure)
Confirm with . or Enter, or press ? or * to list all spells.
You conjure some foxfire!
The iguana bites you!
Ouch! That really hurt!
* * * LOW HITPOINT WARNING * * *
Casting: Foxfire (safe; 2% risk of failure)
Confirm with . or Enter, or press ? or * to list all spells.
Flames lash the iguana.
The iguana is severely wounded.
The iguana's fire resistance burns away.
The foxfire hits the iguana but does no damage.
The iguana is severely wounded.
The foxfire hits the iguana.
The iguana is burned terribly!
The iguana is almost dead.
The iguana bites you!
You die...

.........'...................÷)..
.........####...#.....###.#...###
........## ##.##..##.# #.##.##
.#.....## ####..##.# #.####
###...## ##..##.# #.# ##+##
#...##.# #.#### #.# #..###.#
#....# ####.# #§§# #.# ####.####
÷....##### #@.###.# #.......
##.......# #l.....# #.#.###.
.......#.# #.###### #.#.###.
.#.....#.# #># #.#.....
##...#.#.#######.# #<#####.
#...#...........# #.# #.
##...###.######### #.#####.
.........# #.....). ####.#####
########


You could see an iguana (combustible).

Vanquished Creatures
  Natasha (D:3)
  3 adders
  3 dart slugs
  A ribbon worm (D:3)
  4 bats
  6 endoplasms
  A giant cockroach (D:1)
  6 hobgoblins
  5 quokkas
  4 ball pythons
  3 frilled lizards
  6 goblins
  4 kobolds
  7 rats
54 creatures vanquished.

Vanquished Creatures (others)
  198 foxfires
198 creatures vanquished.

Grand Total: 252 creatures vanquished

Notes
Turn   | Place    | Note
-------+----------+-------------------------------------------
     0 | D:1      | cdecastro the Deep Elf Fire Elementalist began the quest
                  | for the Orb.
     0 | D:1      | Reached XP level 1. HP: 10/10 MP: 6/6
   422 | D:1      | Reached XP level 2. HP: 15/15 MP: 5/8
   535 | D:1      | Reached skill level 4 in Fire Magic
  1374 | D:2      | Reached XP level 3. HP: 19/19 MP: 5/9
  1433 | D:2      | Reached skill level 5 in Fire Magic
  2540 | D:3      | Reached XP level 4. HP: 24/24 MP: 7/10
  2973 | D:3      | Learned a level 2 spell: Scorch
  2977 | D:3      | Learned a level 3 spell: Inner Flame
  2981 | D:3      | Learned a level 3 spell: Volatile Blastmotes
  3053 | D:3      | Noticed Natasha
  3065 | D:3      | Killed Natasha
  3066 | D:3      | Reached skill level 6 in Fire Magic
  3345 | D:4      | Noticed Robin
  3352 | D:3      | Slain by an iguana

Illustrated notes

Levels and vault maps discovered:
D:1:      minmay_arrival_four_circles, layout_basic, minmay_misc_feat_encased
D:2:      layout_loops_corners, hangedman_decor_lopped
D:3:      layout_loops_corners, minmay_misc_feat_plants, uniq_natasha
D:4:      layout_rooms, serial_shops, nicolae_shop_mannequins, uniq_robin,
          uniq_blork_the_orc

Skill      XL: |  1  2  3  4 |
---------------+-------------+-----
Fire Magic     | 4 5 6 |  6.0
Dodging        | |  2.4
Stealth        | |  2.4
Spellcasting   | |  3.0
Conjurations   | |  1.1

Action                     |  1- 3 |  4- 6 || total
---------------------------+-------+-------++-------
  Melee: Dagger            |     4 |     3 ||     7
   Cast: Foxfire           |    84 |    25 ||   109
         Scorch            |       |     1 ||     1
 Armour: Robe              |     4 |     4 ||     8
  Dodge: Dodged            |     7 |     4 ||    11
